 Dungeon Crawl Stone Soup version 0.26-a0-1107-g6118521029 (webtiles) character file.

Game seed: 6377182571462788271

6379 HoaS the Basher (level 10, -2/56 HPs)
             Began as a Gargoyle Fighter on Dec 16, 2020.
             Was a Follower of Makhleb.
             Slain by a large abomination (13 damage)
             ... on level 1 of the Abyss.
             The game lasted 00:24:37 (6803 turns).

HoaS the Basher (Gargoyle Fighter)                  Turns: 6803, Time: 00:24:38

Health: -2/56      AC: 25    Str: 22    XL:     10   Next: 97%
Magic:  0/10       EV: 13    Int: 10    God:    Makhleb [*.....]
Gold:   214        SH: 12    Dex:  9    Spells: 9/9 levels left

rFire    . . .     SeeInvis .   y - +4 morningstar
rCold    . . .     Faith    .   c - +0 kite shield
rNeg     + . .     Spirit   +   e - +0 plate armour
rPois    ∞         Reflect  .   l - +1 helmet
rElec    +         Harm     .   b - +1 cloak
rCorr    .         Rampage  .   n - +0 pair of gloves
Will     .....                  g - +0 pair of boots
Stlth    ..........             t - amulet of guardian spirit
HPRegen  0.18/turn              f - +4 ring of evasion (curse)
MPRegen  0.12/turn              D - +4 ring of evasion

@: mighty
A: negative energy resistance 1, electricity resistance, unbreathing,
petrification resistance, miasma immunity, AC +7
a: Renounce Religion


You were on level 1 of the Abyss.
You worshipped Makhleb.
Makhleb was aware of your devotion.
You visited 2 branches of the dungeon, and saw 9 of its levels.
You visited the Abyss 1 time.
You also visited: Sewer.

You collected 396 gold pieces.
You spent 182 gold pieces at shops.

Inventory:

Hand Weapons
 y - a +4 morningstar (weapon)
Armour
 b - a +1 cloak (worn)
 c - a +0 kite shield (worn)
 e - a +0 plate armour (worn)
 g - a +0 pair of boots (worn)
 l - a +1 helmet (worn)
 n - a +0 pair of gloves (worn)
Jewellery
 a - an uncursed ring of stealth
 f - a cursed +4 ring of evasion (left hand)
 t - an amulet of guardian spirit (around neck)
 D - a +4 ring of evasion (right hand)
 E - a +6 ring of strength
Wands
 w - a wand of digging (2)
 C - a wand of random effects (28)
Scrolls
 h - 3 scrolls of remove curse
 i - 5 scrolls of teleportation
 r - 3 scrolls of blinking
 s - 2 scrolls of magic mapping
 v - 2 scrolls of fog
 x - a scroll of enchant weapon
 G - a scroll of fear
Potions
 d - a potion of attraction {unknown}
 j - 2 potions of resistance {unknown}
 k - 3 potions of ambrosia
 m - 2 potions of heal wounds {unknown}
 o - a potion of lignification {unknown}
 p - a potion of invisibility {unknown}
 u - 2 potions of brilliance {unknown}
 z - a potion of degeneration {unknown}
 B - 2 potions of magic {unknown}
 F - a potion of cancellation {unknown}


   Skills:
 - Level 3.2 Fighting
 * Level 13.0 Maces & Flails
 - Level 3.2 Armour
 + Level 10.7 Shields


You had 9 spell levels left.
You didn't know any spells.
Your spell library contained the following spells:

 Spells                   Type           Power        Failure   Level
 Summon Small Mammal      Summ           #...         100%        1
 Call Imp                 Summ           #.......     100%        2
 Poisonous Vapours        Pois/Air       #.....       100%        2
 Call Canine Familiar     Summ           #.......     100%        3
 Conjure Flame            Conj/Fire      #.......     100%        3
 Mephitic Cloud           Conj/Pois/Air  #.......     100%        3
 Summon Guardian Golem    Hex/Summ       #.......     100%        3
 Summon Ice Beast         Ice/Summ       #.......     100%        4
 Summon Lightning Spire   Summ/Air       #.......     100%        4
 Freezing Cloud           Conj/Ice/Air   #.........   100%        6


Dungeon Overview and Level Annotations

Branches:
Dungeon (8/15)             Temple (1/1) D:7           Sewer (visited)
   Lair: D:8-11

Altars:
Ashenzari
Cheibriados
Dithmenos
Elyvilon
Fedhas
Gozag
Hepliaklqana
Kikubaaqudgha
Makhleb
Nemelex Xobeh
Okawaru
Qazlal
Ru
Trog
Uskayaw
Wu Jian
Xom
Yredelemnul
Zin

Shops:
D:4 }   D:6 }

Annotations:
D:8 Psyche


Innate Abilities, Weirdness & Mutations

You are resistant to torment.
Your stone body is resilient. (AC +7)
You are immune to poison.
You resist negative energy. (rN+)
You are resistant to electric shocks. (rElec)
You can survive without breathing.
You are immune to petrification.
You are immune to miasma.


Message History

The large abomination is heavily damaged.
You hit the large abomination.
The large abomination is heavily damaged.
The large abomination hits you!
* * * LOW HITPOINT WARNING * * *
You barely miss the large abomination.
The large abomination is heavily damaged.
The large abomination closely misses you.
You completely miss the large abomination.
The large abomination is heavily damaged.
You barely miss the large abomination.
The large abomination is heavily damaged.
You block the large abomination's attack.
You closely miss the large abomination.
The large abomination is heavily damaged.
The large abomination barely misses you.
You sock the large abomination!
The large abomination is almost destroyed.
The large abomination hits you!
You die...

# # ##. ..###.#≈
# .. #....... . #
###.#....#..#
#... .
..#.#..##..# ≈
### ##....#.#..
≈≈ . ##..##..#
#..#
##.#).#..#.[#
.#..
))#......##.## #
..#.#@......# ≈
##.#......X#..#..
#.###.##...#....
≈≈ # ####.#..# ##
≈ ≈ ..?### .##. .
.. .#


You could see a large abomination.

Vanquished Creatures
  A naga warrior (Abyss:1)
  A two-headed ogre (D:5)
  Maurice (D:8)
  A guardian serpent (Abyss:1)
  Maggie (D:6)
  Menkaure (D:7)
  4 nagas (Abyss:1)
  Edmund (D:6)
  Purgy (Sewer)
  A phantom (D:4)
  2 ice beasts
  3 orc warriors (D:6)
  5 ogres
  3 centaurs
  A gnoll sergeant (D:7)
  A small abomination (Abyss:1)
  5 scorpions
  12 wights
  3 howler monkeys (D:8)
  2 jellies (D:6)
  Crazy Yiuf (D:5)
  2 bullfrog skeletons
  5 hounds
  5 orc priests
  A centaur skeleton (D:6)
  2 iguanas
  An orc wizard (D:5)
  7 worker ants
  A killer bee zombie (D:7)
  A hound zombie (D:5)
  A hound skeleton (D:7)
  A worker ant zombie (D:6)
  A howler monkey zombie (D:6)
  15 gnolls
  12 adders
  A white imp (D:7)
  An ufetubus (D:7)
  An adder zombie (D:6)
  An ooze (D:2)
  4 adder skeletons
  4 worms
  A dart slug (D:2)
  6 leopard geckos
  21 orcs
  11 giant cockroaches
  7 goblins
  15 hobgoblins
  4 jackals
  12 kobolds
  2 quokkas (D:2)
  2 ball pythons
  18 bats
  4 frilled lizards
  2 leopard gecko skeletons
  A quokka skeleton (D:7)
  10 rats
  9 bushes (D:1)
243 creatures vanquished.

Vanquished Creatures (others)
  18 plants (D:1)
18 creatures vanquished.

Grand Total: 261 creatures vanquished

Notes
Turn   | Place    | Note
-------+----------+-------------------------------------------
     0 | D:1      | HoaS the Gargoyle Fighter began the quest for the Orb.
     0 | D:1      | Reached XP level 1. HP: 14/14 MP: 1/1
   135 | D:1      | Reached XP level 2. HP: 19/19 MP: 2/2
   345 | D:1      | Reached skill level 3 in Maces & Flails
   407 | D:1      | Reached XP level 3. HP: 19/23 MP: 3/3
  1679 | D:2      | Reached XP level 4. HP: 26/28 MP: 4/4
  1723 | D:2      | Found a snail-covered altar of Cheibriados.
  1742 | D:2      | Reached skill level 4 in Maces & Flails
  1906 | D:1      | Reached XP level 5. HP: 29/32 MP: 5/5
  2339 | D:3      | Found a glowing drain.
  2368 | Sewer    | Entered a sewer
  2397 | Sewer    | Noticed Purgy
  2407 | Sewer    | Killed Purgy
  2408 | Sewer    | Reached skill level 5 in Maces & Flails
  2408 | Sewer    | Reached skill level 5 in Shields
  2408 | Sewer    | Reached XP level 6. HP: 35/37 MP: 6/6
  2674 | D:3      | Found a faded altar of an unknown god.
  2879 | D:4      | Found Benop's Gadget Boutique.
  2965 | D:4      | Reached skill level 6 in Maces & Flails
  2965 | D:4      | Reached XP level 7. HP: 32/41 MP: 7/7
  3160 | D:4      | Found a hide-covered altar of Uskayaw.
  3475 | D:4      | Reached skill level 7 in Maces & Flails
  3524 | D:4      | Found a shimmering altar of Xom.
  3621 | D:5      | Entered Level 5 of the Dungeon
  3689 | D:5      | Found a runed translucent door.
  3690 | D:5      | Noticed Crazy Yiuf
  3842 | D:5      | Reached XP level 8. HP: 46/46 MP: 8/8
  3851 | D:5      | Noticed a two-headed ogre
  3862 | D:5      | Killed a two-headed ogre
  3863 | D:5      | Reached skill level 8 in Maces & Flails
  3995 | D:5      | Reached skill level 9 in Maces & Flails
  4013 | D:5      | Reached XP level 9. HP: 37/51 MP: 9/9
  4317 | D:5      | Killed Crazy Yiuf
  4465 | D:6      | Noticed Edmund
  4488 | D:6      | Killed Edmund
  4489 | D:6      | Reached skill level 10 in Maces & Flails
  4953 | D:4      | Bought a wand of digging (3) for 182 gold pieces
  5249 | D:6      | Found Attauth's Gadget Shoppe.
  5399 | D:6      | Reached skill level 11 in Maces & Flails
  5498 | D:6      | Found a sparkling altar of Nemelex Xobeh.
  5498 | D:6      | Found a glowing silver altar of Zin.
  5499 | D:6      | Found an ornate altar of the Wu Jian Council.
  5523 | D:6      | Noticed Maggie
  5529 | D:6      | Killed Maggie
  5530 | D:6      | Reached XP level 10. HP: 43/56 MP: 7/10
  5707 | D:7      | Found a burning altar of Makhleb.
  5715 | D:7      | Became a worshipper of Makhleb the Destroyer
  5861 | D:7      | Got a pitted leather armour
  5884 | D:7      | Found a staircase to the Ecumenical Temple.
  5886 | D:7      | Noticed Menkaure
  5891 | D:7      | Killed Menkaure
  5896 | Temple   | Entered the Ecumenical Temple
  6107 | D:7      | Reached * piety under Makhleb
  6523 | D:8      | Reached skill level 12 in Maces & Flails
  6536 | D:8      | Noticed Maurice
  6554 | D:8      | Killed Maurice
  6555 | D:8      | Reached skill level 10 in Shields
  6586 | D:8      | Identified the +2 leather armour of Sloth {Rampage} (You
                  | found it on level 7 of the Dungeon)
  6639 | D:8      | Noticed Psyche
  6643 | D:8      | Cast into level 1 of the Abyss (Psyche)
  6689 | Abyss:1  | Noticed a naga warrior
  6722 | Abyss:1  | HP: 1/56 [naga warrior/+0 short sword of speed (5)]
  6724 | Abyss:1  | Killed a naga warrior
  6776 | Abyss:1  | Noticed a guardian serpent
  6785 | Abyss:1  | Killed a guardian serpent
  6786 | Abyss:1  | Reached skill level 13 in Maces & Flails
  6803 | Abyss:1  | Slain by a large abomination

Illustrated notes

Levels and vault maps discovered:
D:1:      scummos_arrival_hexagon, layout_basic, serial_bayou,
          serial_bayou_crossing, serial_bayou_pond_c, serial_bayou_shore_a,
          serial_bayou_pond_d, lexackson_kobold_supper
D:2:      layout_basic, old_standard_altar, minmay_heptomino_w4
D:3:      layout_rooms, portal_sewer_entry_f, chequers_ecumenical_altar_island,
          due_unseen_surprise
D:4:      minmay_door_path, layout_basic, tgw_xom,
          eat_drink_and_be_merry_uskayaw, serial_shops, shop
D:5:      layout_loops_cross, uniq_crazy_yiuf_cottage
D:6:      layout_gridville, gammafunk_temple_overflow_claw, serial_shops,
          nicolae_shop_waterfront, uniq_maggie, uniq_edmund
D:7:      layout_basic, minmay_temple_entry_wispy, basic_altar, uniq_menkaure
D:8:      layout_loops_ring, amethyst_overflow_temple_binary, serial_shops,
          shop, uniq_psyche, uniq_maurice, uniq_grum
Temple:   nicolae_temple_figure_eight
Abyss:1:  base:
D:1

Skill      XL: |  1  2  3  4  5  6  7  8  9 10 |
---------------+-------------------------------+-----
Maces & Flails | 3 4 5 6 7 9 11 13 | 13.0
Shields        | 4 5 6 7 9 10 | 10.7
Fighting       | |  3.2
Armour         | |  3.2

Action                   |  1- 3 |  4- 6 |  7- 9 | 10-12 || total
-------------------------+-------+-------+-------+-------++-------
Melee: Flail             |   755 |   199 |   332 |       ||  1286
       Morningstar       |       |       |    93 |   243 ||   336
Evoke: Wand              |       |       |     1 |     3 ||     4
  Use: Scroll            |     6 |     7 |     5 |     2 ||    20
       Potion            |       |     1 |     2 |     2 ||     5
Armor: Scale mail        |    16 |       |       |       ||    16
       Plate armour      |   147 |   151 |   138 |    81 ||   517
Dodge: Dodged            |    48 |    57 |   145 |   102 ||   352
Block: Kite shield       |   125 |   126 |   189 |   149 ||   589

Table legend: (Time is in decaauts)
 A = Elapsed time spent in this place.
 B = Non-inter-level travel time spent in this place.
 C = Inter-level travel time spent in this place.
 D = Time resting spent in this place.
 E = Time spent auto-exploring this place.
 F = Levels seen in this place.
 G = Mean time per level.
                   A        B        C        D        E       F      G
               +--------+--------+--------+--------+--------+-----+--------+
         Total |   7101 |   6707 |    394 |    200 |   3540 |  11 |  645.5 |
       Dungeon |   6656 |   6272 |    384 |    182 |   3276 |   8 |  832.0 |
        Temple |    194 |    184 |     10 |      0 |    183 |   1 |  194.0 |
         Abyss |    132 |    132 |      0 |     18 |     24 |   1 |  132.0 |
         Sewer |    117 |    117 |      0 |      0 |     57 |   1 |  117.0 |
               +--------+--------+--------+--------+--------+-----+--------+

Top non-repeatable levels by time:
     D:1: 1885 daAuts
     D:6: 889 daAuts
     D:7: 857 daAuts
     D:4: 799 daAuts
     D:5: 796 daAuts
     D:2: 682 daAuts
     D:3: 555 daAuts
  Temple: 194 daAuts
     D:8: 190 daAuts
 Abyss:1: 132 daAuts
   Sewer: 117 daAuts
